 Dungeon Crawl Stone Soup version 0.26.0-18-gc5c842f807 (webtiles) character file.

Game seed: 797049366210728412

26390 kaeus the Fighter (level 12, 0/100 HPs)
             Began as a Demonspawn Fighter on Jan 23, 2021.
             Was a High Priest of Trog.
             Slain by a two-headed ogre
             ... wielding a +0 giant club
              (15 damage)
             ... on level 13 of the Dungeon.
             The game lasted 00:22:28 (13363 turns).

kaeus the Fighter (Demonspawn Fighter)             Turns: 13363, Time: 00:22:28

Health: 0/100      AC: 14    Str: 25    XL:     12   Next: 97%
Magic:  12/12      EV:  6    Int: 10    God:    Trog [*****.]
Gold:   2641       SH: 17    Dex: 13    Spells: 11/11 levels left

rFire    . . .     SeeInvis +   m - +9 dagger (venom)
rCold    . . .     Faith    .   c - +5 kite shield
rNeg     . . .     Spirit   .   h - +0 plate armour
rPois    .         Reflect  .   (helmet restricted)
rElec    .         Harm     +   D - scarf {harm}
rCorr    +         Rampage  .   (gloves unavailable)
Will     .....                  (no boots)
Stlth    ..........             w - amulet of regeneration
HPRegen  1.66/turn              r - ring of resist corrosion
MPRegen  0.13/turn              k - ring of see invisible

@: berserk cooldown, slowed, very slow
A: claws 3, horns 2, talons 2, deterioration 1, powered by death 2, strong 2,
miasma immunity
a: Renounce Religion, Berserk, Trog's Hand, Brothers in Arms


You were on level 13 of the Dungeon.
You worshipped Trog.
Trog was extremely pleased with you.
You visited 2 branches of the dungeon, and saw 14 of its levels.
You also visited: Bailey.

You collected 2641 gold pieces.

Inventory:

Hand Weapons
 m - a +9 dagger of venom (weapon)
 y - the +1 trident of Infinity {drain, rC+ Str+2}
   (You found it on level 9 of the Dungeon)

   A truly terrible weapon, it drains the life of those it strikes.
   It affects your strength (+2).
   It protects you from cold.
Armour
 c - a +5 kite shield (worn)
 h - a +0 plate armour (worn)
 D - a scarf of harm (worn)
 F - +0 acid dragon scales
Jewellery
 e - an uncursed amulet of magic regeneration
 j - an uncursed ring of stealth
 k - a ring of see invisible (right claw)
 n - an uncursed ring of protection from cold
 r - a ring of resist corrosion (left claw)
 w - an amulet of regeneration (around neck)
 E - an uncursed ring of ice
Wands
 f - a wand of enslavement (8)
 t - a wand of disintegration (11)
 u - a wand of random effects (11)
 v - a wand of digging (4)
Scrolls
 b - 9 scrolls of remove curse
 g - a scroll of blinking
 i - 7 scrolls of identify
 p - 3 scrolls of magic mapping
 q - a scroll of teleportation
 B - 8 scrolls of fog
 C - 2 scrolls of immolation {unknown}
 G - a scroll of noise {unknown}
Potions
 a - 3 potions of magic
 d - 2 potions of might
 l - 4 potions of attraction
 s - 3 potions of haste {unknown}
 z - 3 potions of brilliance {unknown}
 A - 4 potions of flight {unknown}
Miscellaneous
 x - a phial of floods


   Skills:
 + Level 11.4 Fighting
 + Level 10.1 Short Blades
 - Level 2.2 Axes
 + Level 10.6 Armour
 + Level 10.5 Shields


You had 11 spell levels left.
You didn't know any spells.
Your spell library contained the following spells:

 Spells                   Type           Power        Failure   Level
 Summon Small Mammal      Summ           0%           100%        1
 Call Imp                 Summ           0%           100%        2
 Call Canine Familiar     Summ           0%           100%        3
 Confusing Touch          Hex            0%           100%        3
 Gell's Gravitas          Tloc           0%           100%        3
 Summon Guardian Golem    Hex/Summ       0%           100%        3
 Petrify                  Tmut/Erth      0%           100%        4
 Summon Ice Beast         Ice/Summ       0%           100%        4
 Summon Lightning Spire   Summ/Air       0%           100%        4
 Bolt of Magma            Conj/Fire/Erth 0%           100%        5
 Iskenderun's Battlesphe  Conj           0%           100%        5
 Metabolic Englaciation   Hex/Ice        0%           100%        5
 Yara's Violent Unravell  Hex/Tmut       0%           100%        5
 Iron Shot                Conj/Erth      0%           100%        6
 Orb of Destruction       Conj           0%           100%        7
 Spellforged Servitor     Conj/Summ      0%           100%        7


Dungeon Overview and Level Annotations

Branches:
Dungeon (13/15)            Temple (1/1) D:4            Lair (0/6) D:8
    Orc (0/2) D:9          Vaults (0/5) D:13         Bailey (visited)

Altars:
Ashenzari
Cheibriados
Dithmenos
Elyvilon
Fedhas
Gozag
Hepliaklqana
Kikubaaqudgha
Makhleb
Nemelex Xobeh
Okawaru
Qazlal
Ru
Sif Muna
Trog
Uskayaw
Vehumet
Wu Jian
Xom
Yredelemnul
Zin
The Shining One

Shops:
D:6 (   D:12 }


Innate Abilities, Weirdness & Mutations

You have claws for hands.
You have a pair of horns on your head.
You have razor-sharp toenails.
You regenerate health from kills.
You are immune to miasma.
Your body sometimes deteriorates upon taking damage.
Your muscles are very strong. (Str +4)


Message History

The centaur warrior shoots an arrow.
The arrow hits you! You block the two-headed ogre's attack.
The two-headed ogre hits you with a +0 giant club!!
* * * LOW HITPOINT WARNING * * *
You see here an arrow.
You take 40 damage, and have 19/100 hp.
MASSIVE DAMAGE!!
The centaur warrior shoots an arrow.
You block the arrow.
The centaur warrior shoots an arrow.
The arrow hits you but does no damage.
You see here an arrow.
You regained 4 hp, and now have 23/100 hp.
You block the vault guard's attack.
You regained 3 hp, and now have 26/100 hp.
The two-headed ogre hits you with a +0 giant club!
* * * LOW HITPOINT WARNING * * *
The two-headed ogre hits you with a +0 giant club!
* * * LOW HITPOINT WARNING * * *
You take 20 damage, and have 6/100 hp.
You feel better.
The two-headed ogre hits you with a +0 giant club!
You die...

#.#...## ##
### #.#.).##
#.#.รท..##
#.#.)...##..
#.#C........
#.#pZ..#.###
#.#pc.......
#.#O######.#
#.#@........
#..<.......
###########


You could see 2 vault guards, a centaur warrior, a two-headed ogre, a cyclops
and a wyvern zombie.

Vanquished Creatures
  Nessos (D:12)
  Snorg (D:12)
  Fannar (D:12)
  A hydra (D:13)
  2 vault guards (D:13)
  A boulder beetle (D:11)
  Erolcha (D:9)
  A two-headed ogre (D:8)
  Erica (D:9)
  Pikel (D:9)
  4 ugly things
  A cyclops (D:12)
  A gargoyle (D:11)
  2 kobold demonologists
  A komodo dragon (D:11)
  5 trolls
  A hornet (D:13)
  11 slime creatures
  Sigmund (D:4)
  12 yaks
  Grum (D:11)
  A wyvern (D:9)
  A vampire mosquito (D:13)
  5 wargs
  An acid dragon (D:12)
  Duvessa (D:6)
  A water moccasin (D:8)
  3 phantoms
  2 ice beasts
  4 sky beasts
  6 orc warriors
  A necrophage (D:10)
  A black bear (D:10)
  9 ogres
  4 wolves (D:11)
  8 centaurs
  3 lemures (D:9)
  16 big kobolds
  6 bullfrogs
  A gnoll sergeant (D:7)
  Dowan (D:6)
  A wyvern skeleton (D:10)
  2 scorpions
  19 wights
  10 killer bees
  A water moccasin skeleton (D:7)
  3 howler monkeys
  2 centaur zombies
  A bullfrog zombie (D:12)
  A quasit (D:10)
  2 hounds
  2 bullfrog skeletons
  16 orc wizards
  3 centaur skeletons
  A gnoll shaman (D:5)
  5 orc priests
  2 jellies (D:6)
  3 iron imps (D:7)
  An iguana (D:5)
  11 worker ants
  A killer bee zombie (D:9)
  2 hound skeletons
  A worker ant zombie (D:11)
  11 gnolls
  13 adders
  2 shadow imps
  A white imp (D:6)
  An ufetubus (D:5)
  2 oozes
  2 worms (D:3)
  2 adder skeletons (D:5)
  3 dart slugs
  2 leopard geckos (D:1)
  57 orcs
  2 ball pythons
  6 giant cockroaches
  17 goblins
  7 hobgoblins
  14 jackals
  6 quokkas
  10 bats
  9 frilled lizards
  29 kobolds
  A quokka zombie (D:5)
  8 rats
421 creatures vanquished.

Vanquished Creatures (collateral kills)
  A yak (D:9)
  An ufetubus (D:9)
2 creatures vanquished.

Vanquished Creatures (others)
  An orc wizard (D:11)
  A plant (D:8)
2 creatures vanquished.

Grand Total: 425 creatures vanquished

Notes
Turn   | Place    | Note
-------+----------+-------------------------------------------
     0 | D:1      | kaeus the Demonspawn Fighter began the quest for the Orb.
     0 | D:1      | Reached XP level 1. HP: 18/18 MP: 1/1
   291 | D:1      | Gained mutation: You regenerate a little health from kills.
                  | [demonic ancestry]
   291 | D:1      | Reached XP level 2. HP: 23/24 MP: 2/2
   591 | D:1      | Gained mutation: You have a pair of small horns on your
                  | head. [demonic ancestry]
   591 | D:1      | Reached XP level 3. HP: 29/29 MP: 3/3
  1073 | D:2      | Gained mutation: You have sharp fingernails. [demonic
                  | ancestry]
  1073 | D:2      | Reached XP level 4. HP: 35/35 MP: 4/4
  1217 | D:2      | Found a blossoming altar of Fedhas.
  1641 | D:2      | Reached skill level 1 in Short Blades
  2387 | D:3      | Reached XP level 5. HP: 40/42 MP: 5/5
  2649 | D:4      | Noticed Sigmund
  2649 | D:4      | Noticed a phantom
  2741 | D:3      | Killed a phantom
  2742 | D:3      | Reached skill level 4 in Fighting
  3172 | D:3      | Gained mutation: You are immune to miasma. [demonic
                  | ancestry]
  3172 | D:3      | Reached XP level 6. HP: 36/48 MP: 6/6
  3650 | D:4      | Killed Sigmund
  3744 | D:4      | Gained mutation: You have sharp toenails. [demonic
                  | ancestry]
  3744 | D:4      | Reached XP level 7. HP: 53/55 MP: 7/7
  3752 | D:4      | Reached skill level 5 in Fighting
  4138 | D:4      | Found a staircase to the Ecumenical Temple.
  4170 | Temple   | Entered the Ecumenical Temple
  4465 | Temple   | Became a worshipper of Trog the Wrathful
  4699 | D:5      | Entered Level 5 of the Dungeon
  4749 | D:5      | Reached skill level 5 in Armour
  4795 | D:5      | Gained mutation: You have very sharp fingernails. [demonic
                  | ancestry]
  4795 | D:5      | Reached XP level 8. HP: 56/63 MP: 8/8
  4812 | D:5      | Reached skill level 5 in Shields
  4913 | D:5      | Reached * piety under Trog
  4932 | D:5      | Reached skill level 6 in Fighting
  5434 | D:6      | Found Rafoemy's Antique Weapon Emporium.
  5473 | D:6      | Noticed Dowan
  5474 | D:6      | Noticed Duvessa
  5587 | D:6      | Gained mutation: You have claws for hands. [demonic
                  | ancestry]
  5587 | D:6      | Reached XP level 9. HP: 60/71 MP: 9/9
  5656 | D:6      | Reached skill level 5 in Short Blades
  5758 | D:6      | Gained mutation: Your body sometimes deteriorates upon
                  | taking damage. [potion of mutation]
  5758 | D:6      | Gained mutation: Your muscles are strong. (Str +2) [potion
                  | of mutation]
  5758 | D:6      | Gained mutation: Your muscles are very strong. (Str +4)
                  | [potion of mutation]
  5758 | D:6      | HP: 3/71 [poisoned by a killer bee]
  5760 | D:6      | HP: 1/106 [killer bee (4)]
  5775 | D:6      | Killed Duvessa
  5776 | D:6      | Reached skill level 7 in Fighting
  6194 | D:6      | Killed Dowan
  6371 | D:7      | Found a burning altar of Makhleb.
  6509 | D:7      | Reached ** piety under Trog
  6653 | D:7      | Identified a scroll of acquirement
  6653 | D:7      | Acquired 1096 gold pieces
  7150 | D:8      | Found a staircase to the Lair.
  7198 | D:8      | Gained mutation: You have razor-sharp toenails. [demonic
                  | ancestry]
  7198 | D:8      | Reached XP level 10. HP: 80/80 MP: 10/10
  7198 | D:8      | Reached *** piety under Trog
  7230 | D:8      | Found a shimmering blue altar of Sif Muna.
  7256 | D:8      | Noticed a two-headed ogre
  7267 | D:8      | Killed a two-headed ogre
  7268 | D:8      | Reached skill level 8 in Fighting
  7470 | D:8      | Found a stormy altar of Qazlal.
  7767 | D:8      | Identified the +3 leather armour of Siweule {rElec rN+
                  | Will-}
  7928 | D:9      | Noticed Erolcha
  7936 | D:9      | Killed Erolcha
  8108 | D:9      | Noticed Pikel
  8117 | D:9      | Reached **** piety under Trog
  8121 | D:9      | Reached skill level 9 in Fighting
  8155 | D:9      | Killed Pikel
  8168 | D:9      | Found a staircase to the Orcish Mines.
  8173 | D:9      | Gained mutation: You regenerate health from kills. [demonic
                  | ancestry]
  8173 | D:9      | Reached XP level 11. HP: 54/89 MP: 11/11
  8193 | D:9      | Noticed Erica
  8205 | D:9      | Killed Erica
  8285 | D:9      | Found a flagged portal.
  8298 | Bailey   | Entered a bailey
  8298 | Bailey   | Noticed an orc knight
  8298 | Bailey   | Noticed an orc knight
  8312 | Bailey   | Noticed an orc knight
  8408 | Bailey   | Noticed an orc knight
  9645 | D:9      | Got a bloodstained trident
  9646 | D:9      | Identified the +1 trident of Infinity {drain, rC+ Str+2}
                  | (You found it on level 9 of the Dungeon)
  9664 | D:10     | Entered Level 10 of the Dungeon
 10481 | D:11     | Reached ***** piety under Trog
 10577 | D:11     | Noticed a red ugly thing
 10596 | D:10     | Killed a red ugly thing
 11228 | D:11     | Reached skill level 10 in Fighting
 11342 | D:11     | Received a gift from Trog
 11549 | D:11     | Noticed a boulder beetle
 11561 | D:11     | Noticed Grum
 11580 | D:11     | Killed Grum
 11584 | D:11     | Killed a boulder beetle
 11585 | D:11     | Gained mutation: You have a pair of horns on your head.
                  | [demonic ancestry]
 11585 | D:11     | Reached XP level 12. HP: 36/98 MP: 12/12
 11846 | D:12     | Noticed Fannar
 11867 | D:12     | Killed Fannar
 12458 | D:12     | Noticed Snorg
 12470 | D:12     | Killed Snorg
 12471 | D:12     | Reached skill level 10 in Armour
 12548 | D:12     | Reached skill level 10 in Shields
 12630 | D:12     | Found Enieho Apuzo's Gadget Shoppe.
 12650 | D:12     | Noticed Nessos
 12666 | D:12     | Killed Nessos
 12667 | D:12     | Reached skill level 11 in Fighting
 13171 | D:13     | Noticed a five-headed hydra
 13183 | D:13     | Killed a five-headed hydra
 13310 | D:13     | Found a gate to the Vaults.
 13310 | D:13     | Noticed a centaur warrior
 13310 | D:13     | Noticed a vault guard
 13310 | D:13     | Noticed a vault guard
 13310 | D:13     | Noticed a vault guard
 13310 | D:13     | Noticed a vault guard
 13310 | D:13     | Noticed a two-headed ogre
 13320 | D:13     | Reached skill level 10 in Short Blades
 13333 | D:13     | Killed a vault guard
 13359 | D:13     | Killed a vault guard
 13363 | D:13     | Slain by a two-headed ogre

Illustrated notes

Levels and vault maps discovered:
D:1:      minmay_arrival_widening_spiral_wide, layout_rooms, minmay_heptomino_o4
D:2:      layout_basic, fedhas_altar_1
D:3:      layout_basic
D:4:      layout_rooms, minmay_temple_entry_stoned_glass, uniq_sigmund
D:5:      minmay_spotlight, layout_cave_pools, minmay_fractal_squares_diagonal_5
D:6:      nicolae_whirlpool, layout_cave_pools, serial_shops,
          nicolae_shop_overgrown_old_shop, minivault_26, feat_on_display,
          uniq_duvessa
D:7:      layout_basic, demons_altar, grunt_ministairs_13
D:8:      layout_loops_cross, erik_lair_orcish_takeover, basic_altar,
          special_room [special_room_kobold], grunt_qazlal_clouds
D:9:      layout_layer_cave, erik_orc_4, enter_bailey_7, uniq_pikel,
          uniq_erolcha, uniq_erica
D:10:     layout_roguey, serial_corexii_hall, corexii_hall_statues_u,
          corexii_hall_statues_deadend, corexii_hall_statues_l,
          chequers_hall_statues_wall_a
D:11:     layout_rooms, kennysheep_small_square, uniq_grum
D:12:     layout_stronghold, serial_shops, shop, uniq_fannar, uniq_nessos,
          uniq_snorg
D:13:     layout_basic, lightli_vaults_fourway_checkpoint,
          minmay_splitting_lines, minivault_28
Temple:   regret_index_temple_sigil_plot

Skill      XL: |  1  2  3  4  5  6  7  8  9 10 11 12 |
---------------+-------------------------------------+-----
Axes           | 2 |  2.2
Armour         | 3 4 5 6 7 8 9 10 | 10.6
Shields        | 3 4 5 7 8 9 10 | 10.5
Short Blades   | 1 2 3 4 6 7 8 10 | 10.1
Fighting       | 4 5 6 7 9 10 11 | 11.4

Action                   |  1- 3 |  4- 6 |  7- 9 | 10-12 || total
-------------------------+-------+-------+-------+-------++-------
Melee: War axe           |    81 |       |       |       ||    81
       Dagger            |    22 |   129 |   390 |   757 ||  1298
       Headbutt          |     4 |    31 |    85 |   187 ||   307
       Kick              |       |       |   122 |   278 ||   400
Invok: Berserk           |       |       |     2 |     7 ||     9
       Brothers in Arms  |       |       |       |     1 ||     1
Evoke: Wand              |       |       |       |     1 ||     1
  Use: Scroll            |       |     6 |    11 |     8 ||    25
       Potion            |       |       |     7 |     2 ||     9
Armor: Scale mail        |    16 |       |       |       ||    16
       Plate armour      |    34 |    90 |   169 |   204 ||   497
       Skin              |       |       |     7 |       ||     7
Dodge: Dodged            |    15 |    26 |    42 |    86 ||   169
Block: Kite shield       |    48 |    69 |   263 |   505 ||   885
